 Dungeon Crawl Stone Soup version 0.22.1-6-g1668fe2c40 (webtiles) character file.

1659 Gargoyl the Skirmisher (level 8, -2/71 HPs)
             Began as a Centaur Abyssal Knight on Jan 29, 2019.
             Was a Priest of Lugonu.
             Slain by a red ugly thing (20 damage)
             ... on level 6 of the Dungeon.
             The game lasted 00:11:57 (5597 turns).

Gargoyl the Skirmisher (Centaur Abyssal Knight)     Turns: 5597, Time: 00:11:58

Health: -2/71      AC: 12    Str: 17    XL:     8   Next: 68%
Magic:  11/11      EV:  4    Int: 11    God:    Lugonu [***...]
Gold:   581        SH:  0    Dex: 11    Spells: 7/7 levels left

rFire    . . .     SeeInvis .   y - +0 war axe (elec)
rCold    . . .     Gourm    .   (no shield)
rNeg     . . .     Faith    .   l - +1 plate armour
rPois    .         Spirit   .   q - +0 helmet
rElec    .         Reflect  .   (no cloak)
rCorr    .         Harm     .   (no gloves)
MR       .....                  (no barding)
Stlth    ..........             (no amulet)
HPRegen  0.21/turn              (no ring)
MPRegen  0.12/turn              (no ring)

@: very quick
A: large, hooves 3, deformed body, speed 2, strong 1, tough skin 3
a: Depart the Abyss, Bend Space, Banish, Renounce Religion


You were on level 6 of the Dungeon.
You worshipped Lugonu.
Lugonu was most pleased with you.
You were not hungry.

You visited 1 branch of the dungeon, and saw 6 of its levels.
You visited the Abyss 1 time.
You also visited: Sewer.

You collected 581 gold pieces.

Inventory:

Hand Weapons
 a - a +3 hand axe
 y - a +0 war axe of electrocution (weapon)
Missiles
 e - 7 tomahawks of returning (quivered)
Armour
 l - a +1 plate armour (worn)
 q - a +0 helmet (worn)
Wands
 d - a wand of polymorph (5)
 s - a wand of random effects (20)
 u - a wand of iceblast (3)
 v - a wand of flame (33)
 w - a wand of clouds (6)
Scrolls
 f - 2 scrolls of identify
 h - 4 scrolls of teleportation
 o - a scroll of fear
 r - 2 scrolls of remove curse
Potions
 b - a potion of haste {unknown}
 g - 3 potions of magic
 i - a potion of lignification
 j - 6 potions of curing
 k - a potion of resistance {unknown}
 m - a potion of agility
 n - 4 potions of flight
 p - a potion of might {unknown}
 t - 3 potions of heal wounds
 x - a potion of mutation {unknown}
Comestibles
 c - 6 rations
 z - 6 chunks of flesh


   Skills:
 + Level 6.4 Fighting
 + Level 4.7 Axes
 + Level 0.1 Throwing
 * Level 4.2 Armour
 * Level 2.7 Dodging
 - Level 1.2 Unarmed Combat
 * Level 5.1 Invocations
 + Level 0.8 Evocations


You had 7 spell levels left.
You didn't know any spells.
Your spell library was empty.

Dungeon Overview and Level Annotations

Branches:
Dungeon (6/15)
 Temple: D:4-7

Altars:
Kikubaaqudgha
Sif Muna
Yredelemnul


Innate Abilities, Weirdness & Mutations

You have hooves in place of feet.
Armour fits poorly on your strangely shaped body.
You cover ground very quickly.
You have extremely tough skin. (AC +3)
Your muscles are strong. (Str +2)


Message History

Press: ? - help, Shift-Dir - straight line, f - red ugly thing
Aim: a red ugly thing (heavily wounded)
The mass of ice explodes!
The iceblast engulfs the red ugly thing.
The red ugly thing is severely wounded.
Unknown command.
Aiming: Iceblast
Press: ? - help, Shift-Dir - straight line, f/p - red ugly thing
Aim: a red ugly thing (heavily wounded)
The mass of ice explodes!
The iceblast engulfs the red ugly thing.
The red ugly thing is almost dead.
Unknown command.
Your plate armour prevents you from hitting the red ugly thing.
The red ugly thing is almost dead.
The red ugly thing claws you!
You are engulfed in flames!!
The red ugly thing claws you.
* * * LOW HITPOINT WARNING * * *
You are engulfed in flames!!
You die...

##.## #.##.#.###
#.#####...####.###.##
#........†.)...# #.#
#######...####[# #.#
#.........# #.# ##
#.......... ..# ..
#....####.#####
#####'############.##
#.#
...........ol5Zu@..#
#.#
.#.#.#.#o#.#.#s#.###
#.. ...!.#.......#
### ###############


You could see a red ugly thing, a wyvern, a scorpion, an orc wizard, a shadow
imp and a killer bee zombie.

Vanquished Creatures
  Grinder (D:4)
  Menkaure (D:4)
  Duvessa (D:4)
  Purgy (Sewer)
  2 ogres (D:6)
  Dowan (D:4)
  A scorpion (D:5)
  A water moccasin skeleton (D:6)
  A crimson imp (D:5)
  4 hounds
  2 orc wizards (D:5)
  Jessica (D:4)
  An iguana (D:6)
  4 worker ants
  3 worker ant zombies (D:5)
  5 adders
  2 shadow imps (D:5)
  An ooze (D:6)
  An adder skeleton (D:4)
  2 worms
  3 leopard geckos
  9 orcs
  8 bats
  2 bat zombies (D:3)
  4 giant cockroaches
  7 goblins
  9 hobgoblins
  6 kobolds
  2 quokkas
  3 ball pythons
  A ball python skeleton (D:6)
  10 frilled lizards
  9 rats
  4 rat zombies (D:3)
113 creatures vanquished.

Vanquished Creatures (collateral kills)
  A large abomination (Abyss:4)
  A deep elf mage (Abyss:4)
2 creatures vanquished.

Vanquished Creatures (others)
  A lurking horror (Abyss:4)
1 creature vanquished.

Grand Total: 116 creatures vanquished

Notes
Turn   | Place    | Note
-------+----------+-------------------------------------------
     0 | Abyss:1  | Gargoyl the Centaur Abyssal Knight began the quest for the
                  | Orb.
     0 | Abyss:1  | Reached XP level 1. HP: 19/19 MP: 2/2
    43 | Abyss:1  | Found a corrupted altar of Lugonu.
   126 | Abyss:1  | Found a corrupted altar of Lugonu.
   272 | Abyss:2  | Noticed a raiju
   281 | Abyss:3  | Noticed a rust devil
   369 | Abyss:3  | Noticed an orange demon
   394 | Abyss:4  | Noticed a bone dragon
   401 | Abyss:4  | Noticed a starcursed mass
   419 | Abyss:4  | Noticed an ancient zyme
   421 | Abyss:4  | Noticed a small abomination
   434 | Abyss:4  | Noticed a wretched star
   442 | Abyss:4  | Noticed a raiju
   444 | Abyss:4  | Noticed a large abomination
   447 | Abyss:4  | Noticed a shining eye
   449 | Abyss:4  | Gained mutation: Your muscles are strong. (Str +2) [a
                  | shining eye]
   467 | Abyss:4  | Noticed a wraith
   495 | Abyss:4  | Noticed a large abomination
   507 | Abyss:4  | Noticed a deep elf mage
   516 | Abyss:4  | Noticed a meliai
   516 | Abyss:4  | a shapeshifter changed into a meliai
   525 | Abyss:4  | Killed a large abomination
   525 | Abyss:4  | Reached skill level 4 in Fighting
   525 | Abyss:4  | Reached skill level 1 in Unarmed Combat
   525 | Abyss:4  | Reached XP level 2. HP: 3/28 MP: 3/3
   525 | Abyss:4  | Reached XP level 3. HP: 4/35 MP: 4/4
   525 | Abyss:4  | Reached XP level 4. HP: 5/41 MP: 5/5
   525 | Abyss:4  | Reached XP level 5. HP: 6/47 MP: 6/6
   526 | Abyss:4  | Killed a deep elf mage
   526 | Abyss:4  | Reached skill level 5 in Fighting
   526 | Abyss:4  | Reached skill level 1 in Dodging
   526 | Abyss:4  | Reached XP level 6. HP: 7/56 MP: 6/8
   561 | Abyss:4  | Noticed a thrashing horror
   561 | D:1      | Escaped the Abyss
  1025 | D:1      | Reached * piety under Lugonu
  1511 | D:2      | Found a basalt altar of Yredelemnul.
  2239 | D:3      | Reached ** piety under Lugonu
  2254 | D:3      | Found an ancient bone altar of Kikubaaqudgha.
  2372 | D:3      | Found a glowing drain.
  2384 | Sewer    | Entered a sewer
  2418 | Sewer    | Noticed Purgy
  2428 | Sewer    | Killed Purgy
  2428 | Sewer    | Reached XP level 7. HP: 44/62 MP: 9/9
  3188 | D:4      | Noticed Menkaure
  3190 | D:4      | Noticed Duvessa
  3192 | D:4      | Noticed Dowan
  3195 | D:4      | Killed Menkaure
  3200 | D:4      | Killed Duvessa
  3200 | D:4      | Reached skill level 6 in Fighting
  3205 | D:4      | Killed Dowan
  3444 | D:4      | Noticed Grinder
  3499 | D:4      | Noticed Jessica
  3521 | D:4      | Paralysed by Grinder for 5 turns
  3533 | D:4      | Killed Grinder
  3533 | D:4      | Reached XP level 8. HP: 71/71 MP: 9/11
  3571 | D:4      | Found a deep blue altar of Sif Muna.
  3578 | D:4      | Killed Jessica
  4287 | D:5      | Entered Level 5 of the Dungeon
  4778 | D:5      | Reached *** piety under Lugonu
  4939 | D:5      | Reached skill level 5 in Invocations
  5583 | D:6      | Noticed a red ugly thing
  5597 | D:6      | Slain by a red ugly thing

Skill      XL: |  1  2  3  4  5  6  7  8 |
---------------+-------------------------+-----
Fighting       | 4 5 6 |  6.4
Axes           | 2 3 4 |  4.7
Armour         | 2 3 4 |  4.2
Unarmed Combat | 1 |  1.2
Dodging        | 1 2 |  2.7
Invocations    | 3 4 5 |  5.1
Throwing       | |  0.1
Evocations     | |  0.8

Action                   |  1- 3 |  4- 6 |  7- 9 || total
-------------------------+-------+-------+-------++-------
Melee: Unarmed           |    32 |       |    13 ||    45
       Hand axe          |       |   144 |   149 ||   293
       Kick              |       |    20 |    46 ||    66
       War axe           |       |       |    13 ||    13
       Punch             |       |       |     1 ||     1
Throw: Tomahawk          |       |     3 |     8 ||    11
Invok: Depart the Abyss  |       |     1 |       ||     1
       Bend Space        |       |       |     2 ||     2
Evoke: Wand              |     3 |       |     7 ||    10
  Use: Scroll            |     2 |     6 |     7 ||    15
       Potion            |     2 |       |     1 ||     3
 Stab: Confused          |     1 |       |     1 ||     2
  Eat: Chunk             |       |     3 |     9 ||    12
Armor: Skin              |     2 |       |     1 ||     3
       Plate armour      |       |    71 |   121 ||   192
       Ring mail         |       |    21 |       ||    21
       Leather armour    |       |    14 |       ||    14
Dodge: Dodged            |     3 |    65 |    40 ||   108
